MLB
ARIZONA DIAMONDBACKS @ MILWAUKEE BREWERS
09/10/2046
 
TOP OF THE 1ST
Arizona Diamondbacks batting - Pitching for Milwaukee Brewers : RHP Travis Southern
Pitching: RHP Travis Southern
Batting: LHB Roy Steigerwald 0-0: Ball
1-0: Ball
2-0: Ball
3-0: Called Strike
3-1: Base on Balls
Batting: RHB Katilimomi Kelekolio 0-0: Ball
1-0: Foul Ball, location: 2F
1-1: Ball
2-1: Swinging Strike
2-2: Ball
3-2: Strikes out swinging
Batting: LHB Joel Kunkler 0-0: SINGLE (Line Drive, 7S, EV 110.6 MPH)
Roy Steigerwald to second
Batting: SHB Alec Thorpe 0-0: Ball
1-0: Ball
2-0: Ball
3-0: Base on Balls
Roy Steigerwald to third
Joel Kunkler to second
Batting: RHB David Price Jr. 0-0: Ball
1-0: Ball
2-0: Swinging Strike
2-1: Ball
3-1: Called Strike
3-2: Grounds into double play, 6-4-3 (Groundball, 6, EV 87.5 MPH)
Top of the 1st over - 0 runs, 1 hit, 0 errors, 2 left on base; Arizona 0 - Milwaukee 0
BOTTOM OF THE 1ST
Milwaukee Brewers batting - Pitching for Arizona Diamondbacks : RHP Tong-myeon Moon
Pitching: RHP Tong-myeon Moon
Batting: SHB Jason Woods 0-0: Ball
1-0: Called Strike
1-1: Ball
2-1: Swinging Strike
2-2: Foul Ball, location: 2F
2-2: Ball
3-2: Base on Balls
Batting: RHB Adrian Rudkilde 0-0: Ball
1-0: Ball
2-0: Ball
3-0: Called Strike
3-1: Foul Ball, location: 2F
3-2: Ground out 5-3 (Groundball, 25, EV 86.2 MPH)
Jason Woods to second
Batting: RHB Noah Stanley 0-0: Called Strike
0-1: Fly out, F9 (Flyball, 89D, EV 104.4 MPH)
Batting: RHB Akitada Nishizawa 0-0: Called Strike
0-1: Swinging Strike
0-2: Ball
1-2: SINGLE (Groundball, 4MD, EV 114.4 MPH)
Jason Woods to third
Runner from 3rd tries for Home, SAFE, throw by CF to home
Batting: LHB Alfredo de la Cruz 0-0: Ball
1-0: Called Strike
1-1: Ball
2-1: Foul Ball, location: 2F
2-2: Strikes out looking
Bottom of the 1st over - 1 run, 1 hit, 0 errors, 1 left on base; Arizona 0 - Milwaukee 1
TOP OF THE 2ND
Arizona Diamondbacks batting - Pitching for Milwaukee Brewers : RHP Travis Southern
Batting: LHB Eric Klasek 0-0: Called Strike
0-1: Ball
1-1: Ball
2-1: Ball
3-1: DOUBLE (Flyball, 89XD, EV 104.4 MPH)
Batting: RHB Andy Swaim 0-0: Swinging Strike
0-1: Ball
1-1: Called Strike
1-2: Fly out, F4 (Popup, 4MD, EV 65.6 MPH)
Batting: LHB Armando Carbajal 0-0: Called Strike
0-1: Foul Ball, location: 2F
0-2: Ball
1-2: Ball
2-2: Ground out U3 (Groundball, 34S, EV 78.1 MPH)
Eric Klasek to third
Batting: SHB Warren Eisner 0-0: Foul Ball, location: 2F
0-1: Ball
1-1: Ball
2-1: Ball
3-1: Called Strike
3-2: Foul Ball, location: 2F
3-2: Base on Balls
Batting: LHB Roy Steigerwald 0-0: Foul Ball, location: 2F
0-1: Ball
1-1: Ball
2-1: Ball
3-1: SINGLE (Groundball, 56S, EV 70.0 MPH) (infield hit)
Eric Klasek scores
Warren Eisner to second
Batting: RHB Katilimomi Kelekolio 0-0: Ball
1-0: Swinging Strike
1-1: Fly out, F9 (Flyball, 9, EV 98.8 MPH)
Top of the 2nd over - 1 run, 2 hits, 0 errors, 2 left on base; Arizona 1 - Milwaukee 1
BOTTOM OF THE 2ND
Milwaukee Brewers batting - Pitching for Arizona Diamondbacks : RHP Tong-myeon Moon
Batting: RHB Daniel Donovan 0-0: Ball
1-0: Foul Ball, location: 2F
1-1: Foul Ball, location: 2F
1-2: Strikes out swinging
Batting: RHB Kisho Ito 0-0: Called Strike
0-1: Ball
1-1: Ground out 6-3 (Groundball, 6, EV 78.8 MPH)
Batting: RHB Mike Ball 0-0: Called Strike
0-1: Ball
1-1: Fly out, F8 (Flyball, 8RS, EV 82.5 MPH)
Bottom of the 2nd over - 0 runs, 0 hits, 0 errors, 0 left on base; Arizona 1 - Milwaukee 1
TOP OF THE 3RD
Arizona Diamondbacks batting - Pitching for Milwaukee Brewers : RHP Travis Southern
Batting: LHB Joel Kunkler 0-0: Called Strike
0-1: Ball
1-1: Foul Ball, location: 2F
1-2: Strikes out swinging
Batting: SHB Alec Thorpe 0-0: Foul Ball, location: 2F
0-1: DOUBLE (Flyball, 8RXD, EV 93.1 MPH)
Batting: RHB David Price Jr. 0-0: Foul Ball, location: 2F
0-1: Foul Ball, location: 2F
0-2: Ground out 5-3 (Groundball, 56, EV 103.8 MPH)
Batting: LHB Eric Klasek 0-0: Called Strike
0-1: Swinging Strike
0-2: Foul Ball, location: 2F
0-2: Ball
1-2: Ball
2-2: Ball
3-2: Foul Ball, location: 2F
3-2: Reached on error, E6 (Groundball, 6M, EV 88.8 MPH)
Alec Thorpe to third
Batting: RHB Andy Swaim 0-0: Ball
1-0: Fly out, F7 (Line Drive, 7S, EV 93.8 MPH)
Top of the 3rd over - 0 runs, 1 hit, 1 error, 2 left on base; Arizona 1 - Milwaukee 1
BOTTOM OF THE 3RD
Milwaukee Brewers batting - Pitching for Arizona Diamondbacks : RHP Tong-myeon Moon
Batting: RHB Ben Campbell 0-0: SINGLE (Groundball, 4MD, EV 97.5 MPH)
Batting: SHB Jason Woods 0-0: Called Strike
0-1: Foul Ball, location: 2F
0-2: Ball
1-2: Foul Ball, location: 2F
1-2: Strikes out swinging
Batting: RHB Adrian Rudkilde 0-0: Ball
1-0: Ball
2-0: Foul Ball, location: 2F
2-1: Called Strike
2-2: Ball
3-2: Fly out, F4 (Popup, 4, EV 49.4 MPH)
Batting: RHB Noah Stanley 0-0: Ball
1-0: Called Strike
1-1: Ground out 4-3 (Groundball, 4, EV 81.9 MPH)
Bottom of the 3rd over - 0 runs, 1 hit, 0 errors, 1 left on base; Arizona 1 - Milwaukee 1
TOP OF THE 4TH
Arizona Diamondbacks batting - Pitching for Milwaukee Brewers : RHP Travis Southern
Batting: LHB Armando Carbajal 0-0: Called Strike
0-1: Foul Ball, location: 2F
0-2: SINGLE (Line Drive, 34D, EV 101.2 MPH)
Batting: SHB Warren Eisner 0-0: Ball
1-0: Bunt missed!
1-1: Bunted foul
1-2: Fly out, F7 (Flyball, 78S, EV 88.8 MPH)
Batting: LHB Roy Steigerwald 0-0: Called Strike
0-1: Called Strike
0-2: Strikes out swinging
Batting: RHB Katilimomi Kelekolio 0-0: Called Strike
0-1: Foul Ball, location: 2F
0-2: Fielders Choice at 2nd, 6-4 (Groundball, 6, EV 103.1 MPH)
Top of the 4th over - 0 runs, 1 hit, 0 errors, 1 left on base; Arizona 1 - Milwaukee 1
BOTTOM OF THE 4TH
Milwaukee Brewers batting - Pitching for Arizona Diamondbacks : RHP Tong-myeon Moon
Batting: RHB Akitada Nishizawa 0-0: Ball
1-0: Called Strike
1-1: Ground out 6-3 (Groundball, 56, EV 105.0 MPH)
Batting: LHB Alfredo de la Cruz 0-0: Ball
1-0: Fly out, F7 (Line Drive, 7S, EV 107.5 MPH)
Batting: RHB Daniel Donovan 0-0: Ball
1-0: SINGLE (Line Drive, 9S, EV 100.0 MPH)
Batting: RHB Kisho Ito 0-0: Called Strike
0-1: Ball
1-1: Fielders Choice at 2nd, 6-4 (Groundball, 6, EV 93.8 MPH)
Bottom of the 4th over - 0 runs, 1 hit, 0 errors, 1 left on base; Arizona 1 - Milwaukee 1
TOP OF THE 5TH
Arizona Diamondbacks batting - Pitching for Milwaukee Brewers : RHP Travis Southern
Batting: LHB Joel Kunkler 0-0: Ball
1-0: Called Strike
1-1: Swinging Strike
1-2: Fly out, F9 (Line Drive, 89M, EV 88.1 MPH)
Batting: SHB Alec Thorpe 0-0: Called Strike
0-1: Called Strike
0-2: SINGLE (Line Drive, 7S, EV 88.8 MPH)
Batting: RHB David Price Jr. 0-0: Called Strike
0-1: Foul Ball, location: 2F
0-2: Strikes out swinging
Alec Thorpe is caught stealing 2nd base 2-4
Batter strikes out.
Top of the 5th over - 0 runs, 1 hit, 0 errors, 0 left on base; Arizona 1 - Milwaukee 1
BOTTOM OF THE 5TH
Milwaukee Brewers batting - Pitching for Arizona Diamondbacks : RHP Tong-myeon Moon
Batting: RHB Mike Ball 0-0: Ball
1-0: Foul Ball, location: 2F
1-1: Fly out, F6 (Line Drive, 6, EV 63.1 MPH)
Batting: RHB Ben Campbell 0-0: Foul Ball, location: 2F
0-1: Ball
1-1: SINGLE (Groundball, 6MD, EV 100.6 MPH)
Batting: SHB Jason Woods 0-0: Fielders Choice at 2nd, 3-6 (Groundball, 3, EV 84.4 MPH)
Batting: RHB Adrian Rudkilde 0-0: Foul Ball, location: 2F
0-1: SINGLE (Groundball, 56D, EV 108.8 MPH)
Jason Woods to second
Runner from 2nd tries for 3rd, OUT! 7-5
Bottom of the 5th over - 0 runs, 2 hits, 0 errors, 1 left on base; Arizona 1 - Milwaukee 1
TOP OF THE 6TH
Arizona Diamondbacks batting - Pitching for Milwaukee Brewers : RHP Travis Southern
Batting: LHB Eric Klasek 0-0: Foul Ball, location: 2F
0-1: Swinging Strike
0-2: Ball
1-2: Ball
2-2: Ball
3-2: Ground out 1-3 (Groundball, 13S, EV 72.5 MPH)
Batting: RHB Andy Swaim 0-0: Ball
1-0: Foul Ball, location: 2F
1-1: Swinging Strike
1-2: Ball
2-2: Strikes out swinging
Batting: LHB Armando Carbajal 0-0: Called Strike
0-1: Foul Ball, location: 2F
0-2: Strikes out looking
Top of the 6th over - 0 runs, 0 hits, 0 errors, 0 left on base; Arizona 1 - Milwaukee 1
BOTTOM OF THE 6TH
Milwaukee Brewers batting - Pitching for Arizona Diamondbacks : RHP Tong-myeon Moon
Batting: RHB Noah Stanley 0-0: Called Strike
0-1: Called Strike
0-2: Foul Ball, location: 2F
0-2: Ground out 6-3 (Groundball, 6, EV 90.0 MPH)
Batting: RHB Akitada Nishizawa 0-0: Called Strike
0-1: Called Strike
0-2: Foul Ball, location: 2F
0-2: Foul Ball, location: 2F
0-2: SINGLE (Flyball, 3D, EV 95.6 MPH)
Batting: LHB Alfredo de la Cruz 0-0: Ball
Akitada Nishizawa steals 2nd base
1-0: Ground out U3 (Groundball, 3, EV 84.4 MPH)
Akitada Nishizawa to third
Batting: RHB Daniel Donovan 0-0: Ball
1-0: Ball
2-0: Foul Ball, location: 2F
2-1: Foul Ball, location: 2F
2-2: Foul Ball, location: 2F
2-2: Ball
3-2: Base on Balls
Batting: RHB Kisho Ito 0-0: Foul Ball, location: 2F
0-1: Ball
1-1: Ball
2-1: Swinging Strike
2-2: Ball
3-2: Fly out, F7 (Flyball, 7, EV 86.2 MPH)
Bottom of the 6th over - 0 runs, 1 hit, 0 errors, 2 left on base; Arizona 1 - Milwaukee 1
TOP OF THE 7TH
Arizona Diamondbacks batting - Pitching for Milwaukee Brewers : RHP Travis Southern
Pitching: RHP Chitoji Takemoto
Batting: SHB Warren Eisner 0-0: Called Strike
0-1: Foul Ball, location: 2F
0-2: Ball
1-2: Ball
2-2: Ground out 3-1 (Groundball, 34, EV 83.1 MPH)
Batting: LHB Roy Steigerwald 0-0: Called Strike
0-1: Foul Ball, location: 2F
0-2: Foul Ball, location: 2F
0-2: Ball
1-2: DOUBLE (Line Drive, 9LM, EV 110.6 MPH)
Batting: RHB Katilimomi Kelekolio 0-0: Ball
1-0: Called Strike
1-1: SINGLE (Line Drive, 7LS, EV 92.5 MPH)
Roy Steigerwald to third
Batting: LHB Joel Kunkler 0-0: Ball
1-0: Foul Ball, location: 2F
1-1: Called Strike
Katilimomi Kelekolio steals 2nd base
1-2: Ball
2-2: Foul Ball, location: 2F
2-2: Fly out, F8 (Flyball, 8LM, EV 94.4 MPH)
Runner from 3rd tags up, SCORES, no throw by CF
Batting: SHB Alec Thorpe 0-0: Called Strike
0-1: SINGLE (Groundball, 4MD, EV 100.6 MPH)
Katilimomi Kelekolio to third
Runner from 3rd tries for Home, SAFE, throw by CF to home
Alec Thorpe to second
Batting: RHB David Price Jr. 0-0: Foul Ball, location: 2F
0-1: Ball
1-1: SINGLE (Groundball, 34D, EV 99.4 MPH)
Alec Thorpe to third
Runner from 3rd tries for Home, SAFE, throw by RF to home
David Price Jr. to second
Pitching: LHP Antonio Diaz
Batting: LHB Eric Klasek 0-0: Ball
1-0: Called Strike
1-1: Ball
2-1: Hit by Pitch
Batting: RHB Andy Swaim 0-0: Swinging Strike
0-1: Ball
1-1: Foul Ball, location: 2F
1-2: Strikes out swinging
Top of the 7th over - 3 runs, 4 hits, 0 errors, 2 left on base; Arizona 4 - Milwaukee 1
BOTTOM OF THE 7TH
Milwaukee Brewers batting - Pitching for Arizona Diamondbacks : RHP Tong-myeon Moon
Batting: RHB Mike Ball 0-0: DOUBLE (Flyball, 78XD, EV 95.0 MPH)
Batting: RHB Ben Campbell 0-0: Called Strike
0-1: Foul Ball, location: 2F
0-2: Ball
1-2: Ground out 6-3 (Groundball, 6, EV 102.5 MPH)
Batting: SHB Jason Woods 0-0: Called Strike
0-1: Ground out U3 (Groundball, 3, EV 84.4 MPH)
Mike Ball to third
Batting: RHB Adrian Rudkilde 0-0: Foul Ball, location: 2F
0-1: Called Strike
0-2: Strikes out looking
Bottom of the 7th over - 0 runs, 1 hit, 0 errors, 1 left on base; Arizona 4 - Milwaukee 1
TOP OF THE 8TH
Arizona Diamondbacks batting - Pitching for Milwaukee Brewers : LHP Antonio Diaz
Batting: RHB Steve Bartman Jr. 0-0: Ball
1-0: Foul Ball, location: 2F
1-1: Ball
2-1: Swinging Strike
2-2: Strikes out swinging
Batting: SHB Warren Eisner 0-0: Ball
1-0: Foul Ball, location: 2F
1-1: DOUBLE (Line Drive, 7LM, EV 95.0 MPH)
Batting: LHB Roy Steigerwald 0-0: Ground out 6-3 (Groundball, 6M, EV 90.6 MPH)
Warren Eisner to third
Batting: RHB Katilimomi Kelekolio 0-0: Swinging Strike
0-1: Fly out, F4 (Popup, 4MD, EV 69.4 MPH)
Top of the 8th over - 0 runs, 1 hit, 0 errors, 1 left on base; Arizona 4 - Milwaukee 1
BOTTOM OF THE 8TH
Milwaukee Brewers batting - Pitching for Arizona Diamondbacks : RHP Tong-myeon Moon
Pitching: LHP Chris Baran
Batting: RHB Noah Stanley 0-0: SINGLE (Groundball, 25, EV 71.9 MPH) (infield hit)
Batting: RHB Akitada Nishizawa 0-0: Ball
1-0: Called Strike
1-1: Swinging Strike
1-2: Strikes out looking
Batting: LHB Alfredo de la Cruz 0-0: Ball
1-0: Fielders Choice at 2nd, 4-6 (Groundball, 34, EV 101.9 MPH)
Batting: RHB Daniel Donovan 0-0: Ball
1-0: Ball
Pickoff Throw by Catcher to First - Out!
Bottom of the 8th over - 0 runs, 1 hit, 0 errors, 0 left on base; Arizona 4 - Milwaukee 1
TOP OF THE 9TH
Arizona Diamondbacks batting - Pitching for Milwaukee Brewers : LHP Antonio Diaz
Pitching: RHP Dave Bible
Batting: LHB Joel Kunkler 0-0: Called Strike
0-1: Ball
1-1: Hit by Pitch
Batting: SHB Alec Thorpe 0-0: Swinging Strike
0-1: Ball
1-1: Swinging Strike
1-2: Strikes out swinging
Batting: RHB David Price Jr. 0-0: Ball
1-0: Called Strike
1-1: Ball
2-1: Ball
3-1: Swinging Strike
3-2: Fly out, F7 (Line Drive, 7D, EV 98.1 MPH)
Batting: LHB Eric Klasek 0-0: Ball
1-0: Called Strike
1-1: Called Strike
Joel Kunkler steals 2nd, throwing error, E2
Joel Kunkler to third
1-2: Strikes out swinging
Top of the 9th over - 0 runs, 0 hits, 1 error, 1 left on base; Arizona 4 - Milwaukee 1
BOTTOM OF THE 9TH
Milwaukee Brewers batting - Pitching for Arizona Diamondbacks : LHP Chris Baran
Batting: RHB Daniel Donovan 0-0: Called Strike
0-1: Swinging Strike
0-2: Foul Ball, location: 2F
0-2: Ball
1-2: Foul Ball, location: 2F
1-2: Ground out 6-3 (Groundball, 6, EV 78.1 MPH)
Batting: RHB Kisho Ito 0-0: Foul Ball, location: 2F
0-1: Ball
1-1: Ball
2-1: Called Strike
2-2: Strikes out looking
Batting: RHB Mike Ball 0-0: Foul Ball, location: 2F
0-1: Ball
1-1: Foul Ball, location: 2F
1-2: Ball
2-2: Fly out, F8 (Flyball, 8RD, EV 92.5 MPH)
Bottom of the 9th over - 0 runs, 0 hits, 0 errors, 0 left on base; Arizona 4 - Milwaukee 1
Tuesday, September 13th , 2022 - OOTP Baseball 23.7 Build 88